 Dungeon Crawl Stone Soup version 0.28-a0-422-gd71735cc25 (webtiles) character file.

Game seed: 2271574467607561822

100 siradein the Conjurer (level 4, -1/24 HPs)
             Began as a Deep Elf Conjurer on Sept 9, 2021.
             Slain by an orc wizard (4 damage)
             ... on level 3 of the Dungeon.
             The game lasted 00:05:31 (1957 turns).

siradein the Conjurer (Deep Elf Conjurer)           Turns: 1957, Time: 00:05:32

Health: -1/24      AC:  2    Str:  4    XL:     4   Next: 46%
Magic:  2/13       EV: 12    Int: 24    God:
Gold:   131        SH:  0    Dex: 13    Spells: 7/13 levels left

rFire   . . .      SeeInvis .   l - +2 dagger (pain)
rCold   . . .      Faith    .   (no shield)
rNeg    . . .      Spirit   .   a - +0 robe
rPois   .          Reflect  .   (no helmet)
rElec   .          Harm     .   (no cloak)
rCorr   +          Rampage  .   (no gloves)
Will    .....                   (no boots)
Stlth   ++........              (no amulet)
HPRegen 0.08/turn               b - ring of resist corrosion
MPRegen 0.13/turn               (no ring)

@: no status effects
A: no striking features
a: no special abilities


You were on level 3 of the Dungeon.
You visited 1 branch of the dungeon, and saw 3 of its levels.

You collected 131 gold pieces.

Inventory:

Hand Weapons
 l - a +2 dagger of pain (weapon)
Armour
 a - a +0 robe (worn)
Jewellery
 b - a ring of resist corrosion (left hand)
Scrolls
 c - 2 scrolls of identify {unknown}
 d - a scroll of fear {unknown}
 e - a scroll of teleportation {unknown}
 g - 2 scrolls of magic mapping {unknown}
 h - a scroll of noise {unknown}
 i - a scroll of enchant armour {unknown}
 j - a scroll of silence {unknown}
 k - a scroll of immolation {unknown}
Potions
 f - a potion of ambrosia {unknown}


   Skills:
 - Level 2.4 Dodging
 - Level 2.4 Stealth
 + Level 5.0 Spellcasting
 + Level 5.5 Conjurations


You had 7 spell levels left.
You knew the following spells:

 Your Spells              Type           Power      Damage    Failure   Level
a - Magic Dart            Conj           100%       1d8       1%          1
b - Searing Ray           Conj           64%        2d6       1%          2
c - Dazzling Flash        Conj/Hex       38%        N/A       9%          3

Your spell library contained the following spells:

 Spells                   Type           Power      Damage    Failure   Level
 Fulminant Prism          Conj/Hex       9%         3d7       28%         4
 Iskenderun's Mystic Bla  Conj/Tloc      19%        2d6       28%         4


Dungeon Overview and Level Annotations

Branches:
Dungeon (3/15)

Altars:

Shops:
D:3 (


Message History

An orc comes into view. It is wielding a +0 whip.
Your Spellcasting skill increases to level 5!
Casting: Searing Ray (safe; 1% risk of failure)
Confirm with . or Enter, or press ? or * to list all spells.
You don't have enough magic to cast this spell.
Casting: Searing Ray (safe; 1% risk of failure)
Confirm with . or Enter, or press ? or * to list all spells.
Aiming: Searing Ray (safe; 1% risk of failure)
Press: ? - help, Shift-Dir - straight line, f - orc
Aim: an orc, wielding a +0 whip (81% to hit)
The searing ray hits the orc.
The orc is heavily wounded. (Press . to maintain the ray.)
The orc hits you with a +0 whip.
The searing ray hits the orc!
You kill the orc!
An orc comes into view. It is wielding a +0 trident.
Things that are here:
a ball python skeleton; an orc skeleton
There is an open door here.
There is an open door here.
An orc wizard comes into view.
It is wielding a +0 dagger and wearing a +2 robe of cold resistance.
An orc wizard is nearby!
Casting: Searing Ray (safe; 1% risk of failure)
Confirm with . or Enter, or press ? or * to list all spells.
Aiming: Searing Ray (safe; 1% risk of failure)
Press: ? - help, Shift-Dir - straight line, f - orc wizard
Aim: an orc wizard, wielding a +0 dagger and wearing a +2 robe of cold resistance (76% to hit)
The searing ray hits the orc wizard.
The orc wizard is moderately wounded. (Press . to maintain the ray.)
The orc wizard gestures at you while chanting.
The puff of flame hits you!
* * * LOW HITPOINT WARNING * * *
The searing ray hits the orc wizard.
The orc wizard is severely wounded.
The searing ray hits the orc wizard.
The orc wizard is almost dead.
The orc wizard hits you with a +0 dagger.
You die...

..#...#...# #.#
.#.....#### #.#
###...## #.# ##.## #.#
#.# #.# #.# #.# ##+##
#.# ##...## #.###
##.....## ###@..#
#.......## ##.#o..####
.........####..o......#
.........o........###.#
.........####...#.# #.#
#.......## #..##.# #.#
##.....## #.###.# #.#
##...## #.# #.# #.#
##'########.###.# #.#


You could see an orc wizard and an orc.

Vanquished Creatures
  2 orc wizards (D:3)
  An adder (D:2)
  An ufetubus (D:3)
  6 orcs (D:3)
  3 bats
  5 endoplasms
  A giant cockroach (D:2)
  A goblin (D:2)
  2 hobgoblins (D:2)
  A kobold (D:2)
  3 ball pythons
  2 frilled lizards
  3 rats
31 creatures vanquished.

Notes
Turn   | Place    | Note
-------+----------+-------------------------------------------
     0 | D:1      | siradein the Deep Elf Conjurer began the quest for the Orb.
     0 | D:1      | Reached XP level 1. HP: 10/10 MP: 6/6
   348 | D:1      | Found a faded altar of an unknown god.
   781 | D:2      | Reached XP level 2. HP: 15/15 MP: 3/8
   871 | D:2      | Learned a level 2 spell: Searing Ray
  1283 | D:2      | Reached XP level 3. HP: 19/19 MP: 8/10
  1312 | D:2      | Reached skill level 5 in Conjurations
  1374 | D:2      | Learned a level 3 spell: Dazzling Flash
  1438 | D:3      | Found Vesajagi's Antique Weapon Shoppe.
  1884 | D:3      | Reached XP level 4. HP: 15/24 MP: 6/12
  1889 | D:3      | Reached skill level 5 in Spellcasting
  1957 | D:3      | Slain by an orc wizard

Illustrated notes

Levels and vault maps discovered:
D:1:      lemuel_arrival_lava_pool, layout_loops_ring,
          shapermc_ecumenical_altar_gd
D:2:      layout_rooms
D:3:      layout_loops_corners, mainiacjoe_overflow_cross_hatched, serial_shops,
          shop, chequers_decorated_corner

Skill      XL: |  1  2  3  4 |
---------------+-------------+-----
Spellcasting   | 4 5 |  5.0
Conjurations   | 5 |  5.5
Dodging        | |  2.4
Stealth        | |  2.4

Action                   |  1- 3 |  4- 6 || total
-------------------------+-------+-------++-------
 Cast: Magic Dart        |    53 |       ||    53
       Searing Ray       |     2 |     3 ||     5
Armor: Robe              |       |     1 ||     1
Dodge: Dodged            |     5 |       ||     5

Table legend: (Time is in decaauts)
 A = Elapsed time spent in this place.
 B = Non-inter-level travel time spent in this place.
 C = Inter-level travel time spent in this place.
 D = Time resting spent in this place.
 E = Time spent auto-exploring this place.
 F = Levels seen in this place.
 G = Mean time per level.
                   A        B        C        D        E       F      G
               +--------+--------+--------+--------+--------+-----+--------+
         Total |   1955 |   1913 |     42 |      3 |   1719 |   3 |  651.7 |
       Dungeon |   1955 |   1913 |     42 |      3 |   1719 |   3 |  651.7 |
               +--------+--------+--------+--------+--------+-----+--------+

Top non-repeatable levels by time:
     D:1: 735 daAuts
     D:2: 644 daAuts
     D:3: 575 daAuts
